 Dungeon Crawl Stone Soup version 0.18.1-5-g4a78601 (webtiles) character file.

252 Goblin1989 the Agent of Entropy (level 5, -5/42 HPs)
             Began as a Demonspawn Abyssal Knight on May 11, 2016.
             Was a Priest of Lugonu.
             Slain by Blork the orc
             ... wielding a +0 scimitar
              (7 damage)
             ... on level 4 of the Dungeon.
             The game lasted 00:07:47 (2716 turns).

Goblin1989 the Agent of Entropy (DsAK)              Turns: 2716, Time: 00:07:48

Health: -5/42      AC: 10    Str: 13    XL:     5   Next: 89%
Magic:  8/8        EV:  6    Int: 13    God:    Lugonu [***...]
Gold:   167        SH:  0    Dex: 13    Spells: 0 memorised, 4 levels left

rFire  + . .     SeeInvis .     a - +2 hand axe
rCold  . . .     Gourm    .     n - +0 chain mail
rNeg   . . .     Faith    .     (no shield)
rPois  +         Spirit   .     (helmet restricted)
rElec  .         Dismiss  .     l - +1 cloak
rCorr  .         Reflect  .     (no gloves)
SustAt .         Harm     .     (no boots)
MR     .....                    (no amulet)
Stlth  ..........               (no ring)
                                o - ring of poison resistance

@: not resistant to hostile enchantments, extremely unstealthy
A: horns 1, fire resistance 1
a: Depart the Abyss, Bend Space, Banish, Renounce Religion


You were on level 4 of the Dungeon.
You worshipped Lugonu.
Lugonu was most pleased with you.
You were not hungry.

You visited 1 branch of the dungeon, and saw 4 of its levels.
You visited the Abyss 1 time.

You collected 167 gold pieces.

Inventory:

Hand Weapons
 a - a +2 hand axe (weapon)
Armour
 l - a +1 cloak (worn)
 n - a +0 chain mail (worn)
Jewellery
 o - a ring of poison resistance (left hand)
Scrolls
 h - 3 scrolls of enchant weapon
 i - a scroll of blinking
Potions
 d - a potion of heal wounds {unknown}
 e - 2 potions of haste {unknown}
 m - a potion of ambrosia
 q - a potion of resistance {unknown}
Comestibles
 b - 3 fruits
 c - a bread ration
 f - a beef jerky
 k - a meat ration


   Skills:
 - Level 3.7 Fighting
 * Level 4.1 Axes
 - Level 2.0 Armour
 - Level 1.2 Dodging
 - Level 0.2 Stealth
 + Level 4.6 Invocations


You had 4 spell levels left.
You didn't know any spells.

Dungeon Overview and Level Annotations

Branches:
Dungeon (4/15)
 Temple: D:4-7

Altars:
Dithmenos

Annotations:
D:2 Sigmund
D:4 Blork the orc


Innate Abilities, Weirdness & Mutations

You have a pair of small horns on your head.
Your flesh is heat resistant.


Message History

Blork the orc barely misses you.
You hit Blork the orc but do no damage. Blork the orc closely misses you.
You hit Blork the orc but do no damage.
Blork the orc grins evilly.
Blork the orc hits you but does no damage.
Your chain mail prevents you from hitting Blork the orc.
Blork the orc gestures at you while chanting.
The puff of frost hits you! Blork the orc barely misses you.
You closely miss Blork the orc. Blork the orc hits you with a scimitar!
You take 11 damage, and have 2/42 hp.
MASSIVE DAMAGE!!
Your chain mail prevents you from hitting Blork the orc.
You headbutt Blork the orc.
Blork the orc hits you but does no damage.
Blork the orc miscasts a cantrip.
You hit Blork the orc. Blork the orc barely misses you.
You slash Blork the orc!
Blork the orc hits you but does no damage.
You hit Blork the orc. You headbutt Blork the orc.
Blork the orc hits you with a scimitar!
You die...

#..........#
###........#
##.....#># ##...##.#
######(# #.# #.#
#######.# #....o@.#
#.####### ### #.. ##.
#.# .....######## # #
..$.........# #
............# #
......####..##########
#


You could see Blork the orc.

Vanquished Creatures
  An ogre (D:4)
  A worker ant (D:4)
  6 adders
  An ooze (D:3)
  2 worms (D:4)
  4 dart slugs
  2 giant geckos
  2 orcs
  8 giant cockroaches
  8 goblins
  4 hobgoblins
  4 jackals (D:3)
  2 quokkas (D:3)
  8 bats
  3 giant newts
  7 kobolds
  5 rats
68 creatures vanquished.

Notes
Turn   | Place    | Note
--------------------------------------------------------------
     0 | Abyss:1  | Goblin1989 the Demonspawn Abyssal Knight began the quest for the Orb.
     0 | Abyss:1  | Reached XP level 1. HP: 18/18 MP: 2/2
    20 | D:1      | Escaped the Abyss
   270 | D:1      | Reached skill level 1 in Dodging
   333 | D:1      | Gained mutation: You have a pair of small horns on your head. [demonic ancestry]
   333 | D:1      | Reached XP level 2. HP: 24/24 MP: 3/3
   575 | D:1      | Reached ** piety under Lugonu
   889 | D:2      | Reached XP level 3. HP: 22/29 MP: 5/5
  1094 | D:2      | Found a shadowy altar of Dithmenos.
  1181 | D:2      | Noticed Sigmund
  1556 | D:2      | Reached XP level 4. HP: 21/37 MP: 6/6
  2136 | D:3      | Reached *** piety under Lugonu
  2493 | D:4      | Gained mutation: Your flesh is heat resistant. [demonic ancestry]
  2493 | D:4      | Reached XP level 5. HP: 24/42 MP: 6/8
  2637 | D:4      | Noticed an ogre
  2646 | D:4      | Killed an ogre
  2701 | D:4      | Noticed Blork the orc
  2712 | D:4      | HP: 2/42 [Blork the orc/scimitar (11)]
  2716 | D:4      | Slain by Blork the orc

Skill      XL: |  1  2  3  4  5 |
---------------+----------------+-----
Dodging        | 1 |  1.2
Armour         | 2 |  2.0
Axes           | 2 3 4 |  4.1
Invocations    | 3 4 |  4.6
Fighting       | |  3.7
Stealth        | |  0.2

Action                   |  1- 3 |  4- 6 || total
-------------------------+-------+-------++-------
Melee: Hand axe          |    98 |   113 ||   211
       Headbutt          |    12 |    22 ||    34
Invok: Bend Space        |     1 |       ||     1
  Use: Potion            |     2 |       ||     2
       Scroll            |       |     8 ||     8
  Eat: Chunk             |     1 |       ||     1
       Meat ration       |       |     1 ||     1
Armor: Leather armour    |    12 |       ||    12
       Chain mail        |    35 |    86 ||   121
Dodge: Dodged            |    58 |    32 ||    90
